 Dungeon Crawl Stone Soup version 0.22.0-75-g3901e79 (console) character file.

140 erker the Changer (level 5, -8/33 HPs)
             Began as an Octopode Transmuter on Sept 14, 2018.
             Mangled by a centaur (10 damage)
             ... on level 3 of the Dungeon.
             The game lasted 00:09:29 (2022 turns).

erker the Changer (Octopode Transmuter)             Turns: 2022, Time: 00:09:30

Health: -8/33      AC:  1    Str: 10    XL:     5   Next: 23%
Magic:  5/9        EV: 13    Int: 16    God:
Gold:   73         SH:  0    Dex: 12    Spells: 3/9 levels left

rFire    . . .     SeeInvis .     - Unarmed
rCold    . . .     Gourm    .   (no shield)
rNeg     . . .     Faith    .   (helmet restricted)
rPois    .         Spirit   .   (no amulet)
rElec    .         Reflect  .   (no ring)
rCorr    .         Harm     .   (no ring)
MR       .....                  (no ring)
Stlth    ++........             (no ring)
HPRegen  0.11/turn              (no ring)
MPRegen  0.11/turn              (no ring)
                                (no ring)
                                (no ring)

@: very slightly contaminated
A: almost no armour, stealthy swim, amphibious, 8 rings, constrict 8, camouflage
1, gelatinous body 1
a: no special abilities


You were on level 3 of the Dungeon.
You were not hungry.

You visited 1 branch of the dungeon, and saw 3 of its levels.

You collected 73 gold pieces.

Inventory:

Missiles
 a - 9 arrows
 d - 23 sling bullets
Jewellery
 j - an uncursed ring of ice {unknown}
Scrolls
 b - a scroll of immolation {unknown}
 e - 3 scrolls of identify {unknown}
 k - a scroll of blinking {unknown}
Potions
 f - a potion of haste {unknown}
 g - 2 potions of ambrosia {unknown}
 h - a potion of curing {unknown}
 i - a potion of lignification {unknown}
 m - a potion of heal wounds {unknown}
Comestibles
 c - 3 rations
 l - 3 chunks of flesh


   Skills:
 + Level 1.0 Fighting
 + Level 2.0 Dodging
 + Level 3.1 Unarmed Combat
 + Level 2.6 Spellcasting
 * Level 4.3 Transmutations
 - Level 2.0 Poison Magic


You had 3 spell levels left.
You knew the following spells:

 Your Spells              Type           Power        Failure   Level  Hunger
a - Beastly Appendage     Tmut           ###...       3%          1    #......
s - Spider Form           Tmut/Pois      ##........   16%         3    ###....
t - Sticks to Snakes      Tmut           ###.....     4%          2    ##.....

Your spell library contained the following spells:

 Spells                   Type           Power        Failure   Level  Hunger
 Ice Form                 Ice/Tmut       #.......     61%         4    #####..
 Blade Hands              Tmut           ###.......   65%         5    ######.


Dungeon Overview and Level Annotations

Branches:
Dungeon (3/15)

Altars:
Fedhas
Okawaru
Zin


Innate Abilities, Weirdness & Mutations

You cannot wear most types of armour.
You are very stealthy in the water. (Stealth+)
You are amphibious.
You can wear up to eight rings at the same time.
You can use your tentacles to constrict eight enemies at once.
Your skin changes colour to match your surroundings (Stealth+).
Your rubbery body absorbs attacks. (AC +1, EV +1)


Message History

The centaur unwields an uncursed shortbow.
The centaur closely misses you.
A leopard gecko comes into view.
You hit the centaur.
The centaur is poisoned.
The centaur is lightly wounded.
The centaur misses you. The adder closely misses you. The centaur hits you.
You hit the centaur.
The centaur looks as sick as possible!
The centaur is moderately wounded.
The adder bites you. The centaur barely misses you.
The adder barely misses you.
You hit the centaur but do no damage.
The centaur is heavily wounded.
The centaur hits you!
* * * LOW HITPOINT WARNING * * *
The adder bites you but does no damage. The centaur completely misses you.
You hit the centaur but do no damage.
The centaur looks as sick as possible!
The centaur is heavily wounded.
Your transformation has ended.
The centaur hits you!
You die...

### #..> ..# ##..## #.#
.... #.# #.># #.# #
#<.# #.# #..#####..#
######.####
#....l.S.(###).........
#@.((....####.####
#c##.###### #.# # #.
#.# #######.# ## #. #..
........###. #.
############.... #.
#.##. #. #.##. #. #.##.
#.##.


You could see a centaur, an adder and a leopard gecko.

Vanquished Creatures
  3 gnolls (D:2)
  4 adders (D:2)
  An ooze (D:1)
  3 worms (D:2)
  A dart slug (D:2)
  3 leopard geckos (D:2)
  2 orcs (D:3)
  3 giant cockroaches
  7 goblins
  9 hobgoblins
  6 jackals
  4 bats
  3 frilled lizards (D:2)
  A kobold (D:1)
  6 rats
56 creatures vanquished.

Notes
Turn   | Place    | Note
-------+----------+-------------------------------------------
     0 | D:1      | erker the Octopode Transmuter began the quest for the Orb.
     0 | D:1      | Reached XP level 1. HP: 13/13 MP: 3/3
    92 | D:1      | Reached XP level 2. HP: 14/18 MP: 3/5
    96 | D:1      | Learned a level 2 spell: Sticks to Snakes
   430 | D:2      | Reached XP level 3. HP: 23/23 MP: 4/6
   441 | D:2      | Learned a level 3 spell: Spider Form
   462 | D:2      | Reached skill level 3 in Transmutations
   491 | D:2      | Found a blossoming altar of Fedhas.
   532 | D:2      | Reached skill level 1 in Poison Magic
   664 | D:2      | Reached XP level 4. HP: 10/28 MP: 1/7
  1406 | D:2      | Reached skill level 4 in Transmutations
  1744 | D:2      | Found an iron altar of Okawaru.
  1757 | D:2      | Reached XP level 5. HP: 28/33 MP: 4/8
  1917 | D:2      | Found a glowing silver altar of Zin.
  2013 | D:3      | Noticed a centaur
  2022 | D:3      | Mangled by a centaur

Skill      XL: |  1  2  3  4 |
---------------+-------------+-----
Transmutations | 3 4 |  4.3
Poison Magic   | 1 2 |  2.0
Fighting       | |  1.0
Dodging        | |  2.0
Unarmed Combat | |  3.1
Spellcasting   | |  2.6

Action                   |  1- 3 |  4- 6 || total
-------------------------+-------+-------++-------
Melee: Unarmed           |    60 |    70 ||   130
       Tentacles         |     8 |     5 ||    13
       Constrict         |    13 |     9 ||    22
       Kick              |    10 |     7 ||    17
 Cast: Beastly Appendage |    15 |     7 ||    22
       Spider Form       |     2 |     7 ||     9
       Sticks to Snakes  |     2 |     1 ||     3
 Stab: Sleeping          |     6 |     1 ||     7
  Eat: Chunk             |       |     5 ||     5
Armor: Skin              |     2 |     4 ||     6
Dodge: Dodged            |    41 |    54 ||    95
